 Dungeon Crawl Stone Soup version 0.29.0-4-gdea44cf6ec (webtiles) character file.

Game seed: 14318498798937370442

333 qw the Chopper (level 6, -5/35 HPs)
             Began as a Tengu Warper on Aug 28, 2022.
             Slain by an ogre
             ... wielding a +0 giant club
              (18 damage)
             ... on level 4 of the Dungeon.
             The game lasted 00:00:22 (3944 turns).

qw the Chopper (Tengu Warper)                       Turns: 3944, Time: 00:00:22

Health: -5/35      AC: 12    Str: 14    XL:     6   Next: 53%
Magic:  10/10      EV:  5    Int: 13    God:
Gold:   131        SH:  0    Dex: 13    Spells: 9/9 levels left

rFire   . . .      SeeInvis +   Y - +0 war axe
rCold   . . .      Faith    .   (no shield)
rNeg    . . .      Spirit   .   b - +0 plate armour
rPois   .          Reflect  .   (helmet restricted)
rElec   .          Harm     .   c - +0 cloak
rCorr   .          Rampage  .   (no gloves)
Will    .....                   (boots unavailable)
Stlth   ..........              (no amulet)
HPRegen 0.11/turn               a - ring of see invisible
MPRegen 0.12/turn               j - +4 ring of slaying {mikee}

@: flying quickly and evasively, quick
A: beak, talons 3, nimble flight
a: no special abilities


You were on level 4 of the Dungeon.
You visited 1 branch of the dungeon, and saw 4 of its levels.

You collected 131 gold pieces.


Innate Abilities, Weirdness & Mutations

You have a beak for a mouth.
You have claws for feet.
Your magical nature lets you fly swiftly and evasively.


   Skills:
 - Level 2.0 Fighting
 + Level 6.6 Axes
 - Level 1.0 Throwing
 - Level 3.2 Armour
 - Level 2.1 Dodging
 - Level 2.0 Spellcasting
 - Level 2.4 Translocations


You had 9 spell levels left.
You didn't know any spells.
Your spell library contained the following spells:

 Spells                   Type           Power      Damage    Failure   Level
 Blink                    Tloc           14%        N/A       100%        2
 Gell's Gravitas          Tloc           7%         N/A       100%        3
 Lesser Beckoning         Tloc           7%         N/A       100%        3
 Teleport Other           Tloc           7%         N/A       100%        3
 Manifold Assault         Tloc           7%         N/A       100%        5

Inventory:

Hand Weapons
 h - a +0 flail
 Y - a +0 war axe (weapon)
Armour
 b - a +0 plate armour (worn)
 c - a +0 cloak (worn)
Jewellery
 a - a ring of see invisible (left hand)
 j - a +4 ring of slaying (right hand) {mikee}
Scrolls
 d - a scroll of identify
 g - a scroll of teleportation {unknown}
Potions
 e - a potion of lignification {unknown}
 f - a potion of mutation
 i - a potion of brilliance {unknown}
 l - a potion of resistance {unknown}
 m - a potion of haste {unknown}

Dungeon Overview and Level Annotations

Branches:
Dungeon (4/15)
 Temple: D:4-7

Altars:
Nemelex Xobeh


Message History

You start resting.
HP restored.
There is a stone staircase leading up here.
You see here a scroll of butterflies.
Found two stone staircases leading down.
Enter note:
g - a scroll labelled LECE EGRU LEU
Found a robe.
An adder comes into view.
The adder hisses angrily.
You slash the adder!
You kill the adder!
You see here an adder corpse.
Found 4 stones.
Found a rapier.
A scorpion comes into view.
You slash the scorpion! You peck the scorpion.
The scorpion is almost dead.
The scorpion stings you but does no damage. x2
You barely miss the scorpion. Your peck misses the scorpion.
The scorpion is almost dead.
The scorpion stings you but does no damage.
You hit the scorpion but do no damage. Your kick misses the scorpion.
The scorpion is almost dead.
The scorpion stings you but does no damage. x2
You slash the scorpion!
You kill the scorpion!
Found a robe.
i - a fizzy inky potion An ogre comes into view.
It is wielding a +0 giant club.
Found a scroll labelled LECE EGRU LEU.
You slash the ogre! You claw the ogre!
The ogre is almost dead.
The ogre hits you with a +0 giant club!!
Ouch! That really hurt!
You barely miss the ogre.
The ogre is almost dead.
The ogre hits you with a +0 giant club!!
Ouch! That really hurt!
You die...

#.# ##
#.# ..
#.# #?
#.# #.#
#.# ..
#.# #.
#.#
##O###.#
#..@##.#
#.###.#.#
##..#
##.# #.#
#.# [..
###


You could see an ogre.

Vanquished Creatures
  A kobold brigand (D:3)
  A scorpion (D:4)
  Crazy Yiuf (D:3)
  2 orc wizards (D:3)
  4 adders
  A white imp (D:4)
  A worm (D:4)
  2 dart slugs (D:2)
  9 orcs (D:3)
  6 endoplasms
  3 giant cockroaches
  5 goblins
  7 hobgoblins
  7 kobolds
  2 quokkas
  5 ball pythons
  3 bats
  7 frilled lizards
  5 rats
72 creatures vanquished.

Vanquished Creatures (others)
  2 fungi (D:1)
  8 plants
10 creatures vanquished.

Grand Total: 82 creatures vanquished

Notes
Turn   | Place    | Note
-------+----------+-------------------------------------------
     0 | D:1      | qw the Tengu Warper began the quest for the Orb.
     0 | D:1      | Reached XP level 1. HP: 12/12 MP: 4/4
     0 | D:1      | 0 ||| qw: Version: 0.1-a-89-g26bdef1
     0 | D:1      | 0 ||| qw: Game counter: 2377
     0 | D:1      | 0 ||| qw: Always use a shield: true
     0 | D:1      | 0 ||| qw: God list: Okawaru
     0 | D:1      | 0 ||| qw: Allow faded altars: false
     0 | D:1      | 0 ||| qw: Do Orc after D:15 true
     0 | D:1      | 0 ||| qw: Do second Lair branch before Depths: true
     0 | D:1      | 0 ||| qw: Lair rune preference: random
     0 | D:1      | 0 ||| qw: Plans: Normal
     0 | D:1      | 0 ||| PLANNING D:1-11
    62 | D:1      | Found a faded altar of an unknown god.
   341 | D:1      | Reached XP level 2. HP: 17/17 MP: 6/6
   428 | D:1      | Reached skill level 3 in Axes
   884 | D:1      | 884 ||| DROPPING orb of wrath.
   885 | D:1      | 885 ||| READING scroll labelled LORIAN NIXTU.
   886 | D:1      | 886 ||| READING scroll labelled UMUV WAGUYST.
   987 | D:1      | 987 ||| READING scroll labelled FOVA SUPUMERPH.
   988 | D:1      | 988 ||| READING scroll labelled AKLYVU YKKAOTS.
   989 | D:1      | 989 ||| READING scroll labelled ROOTOTRARY.
   990 | D:1      | 990 ||| READING scroll labelled ENANOCS YSCHAU.
   991 | D:1      | 991 ||| DRINKING 2 white potions.
   992 | D:1      | 992 ||| DROPPING scroll of blinking.
  1132 | D:2      | 1132 ||| SWAPPING to +0 war axe.
  1138 | D:2      | 1138 ||| DROPPING +1 hand axe.
  1297 | D:2      | 1297 ||| Stepping ~*~*~tactically~*~*~ (stealth).
  1311 | D:2      | Reached XP level 3. HP: 19/21 MP: 7/7
  1378 | D:2      | Found a sparkling altar of Nemelex Xobeh.
  1505 | D:2      | 1505 ||| Stepping ~*~*~tactically~*~*~ (stealth).
  1512 | D:2      | Reached skill level 4 in Axes
  1691 | D:2      | 1691 ||| Stepping ~*~*~tactically~*~*~ (hiding).
  1963 | D:2      | 1963 ||| UPGRADING to +0 ring mail.
  1973 | D:2      | 1973 ||| DROPPING +0 leather armour.
  1974 | D:2      | 1974 ||| UPGRADING to ring of see invisible.
  1975 | D:2      | 1975 ||| DROPPING ring of wizardry.
  1976 | D:2      | 1976 ||| UPGRADING to +4 ring of slaying {mikee}.
  1977 | D:2      | 1977 ||| READING scroll labelled EPPYST TUTENUPU.
  1978 | D:2      | 1978 ||| READING scroll labelled KEL WET PEILOG.
  1979 | D:2      | 1979 ||| READING 2 scrolls of identify.
  1979 | D:2      | 1979 ||| IDENTIFYING emerald potion
  2003 | D:3      | 2003 ||| STAIRDANCE
  2026 | D:3      | 2026 ||| STAIRDANCE
  2054 | D:3      | 2054 ||| Stepping ~*~*~tactically~*~*~ (stealth).
  2062 | D:3      | 2062 ||| Stepping ~*~*~tactically~*~*~ (stealth).
  2073 | D:3      | Reached XP level 4. HP: 26/26 MP: 8/8
  2140 | D:3      | Noticed a kobold brigand
  2142 | D:3      | 2142 ||| FLEEEEING.
  2143 | D:3      | 2143 ||| STAIRDANCE
  2146 | D:2      | HP: 5/26 [poisoned by a kobold brigand (curare-tipped
                  | dart)]
  2416 | D:2      | 2416 ||| UPGRADING to +0 plate armour.
  2426 | D:2      | 2426 ||| DROPPING +0 ring mail.
  2432 | D:3      | HP: 6/26 [kobold brigand/+0 whip (3)]
  2433 | D:3      | 2433 ||| DRINKING potion of heal wounds.
  2436 | D:3      | Killed a kobold brigand
  2437 | D:3      | Reached skill level 3 in Armour
  2437 | D:3      | Gained mutation: Your magical nature lets you fly swiftly
                  | and evasively. [Tengu growth]
  2437 | D:3      | Reached XP level 5. HP: 29/30 MP: 9/9
  2751 | D:3      | Reached skill level 5 in Axes
  2760 | D:3      | 2760 ||| DROPPING +0 whip.
  2912 | D:3      | Reached XP level 6. HP: 22/35 MP: 10/10
  3353 | D:3      | Found a runed translucent door.
  3354 | D:3      | Noticed Crazy Yiuf
  3357 | D:3      | 3357 ||| READING scroll labelled EMIRPH HATHIM.
  3358 | D:3      | 3358 ||| READING scroll labelled USIRUO WU XOITH.
  3359 | D:3      | 3359 ||| READING 2 scrolls of identify.
  3359 | D:3      | 3359 ||| IDENTIFYING fuming golden potion
  3360 | D:3      | 3360 ||| DROPPING potion of ambrosia.
  3361 | D:3      | 3361 ||| Stepping randomly (stuck).
  3366 | D:3      | HP: 8/35 [Crazy Yiuf/+4 quarterstaff of chaos (7)]
  3367 | D:3      | HP: 3/35 [poisoned by Crazy Yiuf]
  3368 | D:3      | Killed Crazy Yiuf
  3368 | D:3      | HP: 1/35 [poisoned by Crazy Yiuf]
  3369 | D:3      | Reached skill level 6 in Axes
  3369 | D:3      | 3369 ||| DRINKING potion of curing.
  3369 | D:3      | 3369 ||| (to cure poison)
  3578 | D:3      | 3578 ||| UPGRADING to +0 cloak.
  3716 | D:4      | Identified the +2 ring mail of Free Will {+Inv Str+4}
  3740 | D:4      | 3740 ||| Stepping ~*~*~tactically~*~*~ (hiding).
  3944 | D:4      | Slain by an ogre

Levels and vault maps discovered:
D:1:      mrwooster_arrival_arrow, layout_loops_ring,
          shapermc_ecumenical_altar_mp_ritualfount,
          wander_ebering_terrifying_dragon_lair
D:2:      layout_loops_ring, basic_altar
D:3:      layout_loops_corners, corexii_shack, uniq_crazy_yiuf_cottage
D:4:      layout_loops_ring, makhleb_altar_promises_db,
          minmay_temple_entry_mini_moons

Skill      XL: |  1  2  3  4  5  6 |
---------------+-------------------+-----
Axes           | 3 4 5 6 |  6.6
Armour         | 3 |  3.2
Fighting       | |  2.0
Throwing       | |  1.0
Dodging        | |  2.1
Spellcasting   | |  2.0
Translocations | |  2.4

Action                   |  1- 3 |  4- 6 || total
-------------------------+-------+-------++-------
Melee: Hand axe          |    29 |       ||    29
       Kick              |    17 |    19 ||    36
       Peck              |     5 |     6 ||    11
       Punch             |     1 |       ||     1
       War axe           |    47 |    68 ||   115
Throw: Boomerang         |     7 |       ||     7
  Use: Scroll            |     9 |     3 ||    12
       Potion            |     1 |     2 ||     3
 Stab: Sleeping          |     1 |       ||     1
Armor: Leather armour    |    12 |       ||    12
       Ring mail         |     2 |       ||     2
       Plate armour      |       |    37 ||    37
Dodge: Dodged            |    31 |    15 ||    46

Table legend:
 A = Non-vault XP
 B = Vault XP
 C = Vault XP percentage of total XP
 D = Non-vault monster count
 E = Vault monster count
 F = Vault count percentage of total count
                 A         B        C        D         E       F
            +---------+---------+-------+---------+---------+-------
      Total |     435 |      42 |   8.8 |      69 |       3 |   4.2
            +---------+---------+-------+---------+---------+-------
        D:1 |      15 |       1 |   6.2 |      10 |       1 |   9.1
        D:2 |      54 |       0 |   0.0 |      24 |       0 |   0.0
        D:3 |     255 |      41 |  13.9 |      29 |       2 |   6.5
        D:4 |     111 |       0 |   0.0 |       6 |       0 |   0.0
            +---------+---------+-------+---------+---------+-------
